AoeStats
← Strongtor

Nomad

506435444Analyzed
2v2 RM · 17d ago on Sep 13, 2026· 33m 43s· 4 players
Game mode
Random Map
Map size
176×176
Population
200
Speed
Normal
Resources
Standard
Victory
Conquest
Starting age
Dark Age
Ending age
Imperial Age
RankedLock teamsTeams togetherTeam positionsShared explorationLock speedFull tech treeHidden civsTurbo modeCheats
Victory
Defeat
🇨🇴 Bulgarians · Colombia
1017
+15
🇨🇿 Persians · Czechia
919
+19
🇬🇧 Britons · United Kingdom
1000
-51
🇫🇷 Lithuanians · France
980
-17
Shakly
3:55 Loom
14:53 Feudal Age
19:21 Castle Age
18:00 Forging
17:56 Scale Barding Armor
17:54 Fishing Lines
21:17 Husbandry
21:28 Bloodlines
23:35 Iron Casting
24:01 Chain Barding Armor
23:48 Loom
24:23 Pikeman
XSET Ang3l 3408
5:31 Loom
27:02 Feudal Age
29:11 Horse Collar
29:54 Arson
30:44 Town Watch
31:43 Man-at-Arms
Strongtor
11:08 Loom
13:47 Feudal Age
17:53 Castle Age
16:41 Double-Bit Axe
17:22 Bloodlines
17:27 Forging
17:22 Gold Mining
17:26 Fishing Lines
20:31 Scale Barding Armor
22:40 Wheelbarrow
22:47 Horse Collar
24:13 Bow Saw
24:41 Gillnets
25:47 Heavy Plow
26:04 Town Watch
27:21 Fletching
28:10 Husbandry
28:33 Hand Cart
30:10 Gold Shaft Mining
31:12 Bodkin Arrow
31:38 Chain Barding Armor
36:36 Imperial Age
34:07 Town Patrol
ElLorenzuwu
7:04 Loom
15:14 Feudal Age
15:43 Double-Bit Axe
15:40 Horse Collar
23:35 Castle Age
22:28 Scale Mail Armor
22:39 Forging
22:36 Arson
24:51 Pikeman
27:45 Chain Mail Armor
28:40 Stone Mining
31:32 Iron Casting
32:05 Wheelbarrow
32:48 Fletching
Connection lost

Rejoining the realm…

Still unreachable

The connection could not be restored.

Session expired

The server has moved on; the page needs a fresh start.